AoeStats
← borsuk.borowka

Arabia

504805258Analyzed
1v1 RM · 24d ago on Sep 6, 2026· 48m 17s· 2 players
Game mode
Random Map
Map size
Tiny (2 player)
Population
200
Speed
Normal
Resources
Standard
Victory
Conquest
Starting age
Dark Age
Ending age
Imperial Age
RankedLock teamsTeams togetherTeam positionsShared explorationLock speedFull tech treeHidden civsTurbo modeCheats
Victory
Defeat
🇪🇸 Italians · Spain
598
+16
🇵🇱 Poles · Poland
599
-32
Telrog
3:40 Loom
11:39 Feudal Age
14:21 Town Watch
14:38 Double-Bit Axe
14:36 Horse Collar
20:55 Castle Age
18:49 Fletching
19:42 Padded Archer Armor
21:58 Bodkin Arrow
23:25 Crossbowman
24:11 Thumb Ring
23:38 Elite Skirmisher
27:01 Bow Saw
26:52 Pikeman
28:11 Leather Archer Armor
29:44 Wheelbarrow
31:39 Ballistics
31:33 Murder Holes
32:13 Heavy Plow
36:34 Imperial Age
37:03 Arbalester
39:52 Bracer
43:15 Chemistry
42:52 Ring Archer Armor
44:23 Gold Mining
44:24 Stone Mining
44:55 Hand Cart
44:40 Town Patrol
47:10 Masonry
47:13 Fortified Wall
46:47 Treadmill Crane
47:32 Conscription
borsuk.borowka
13:48 Feudal Age
24:27 Castle Age
26:29 Gold Mining
26:27 Double-Bit Axe
26:36 Stone Mining
26:32 Horse Collar
27:37 Crossbowman
29:00 Thumb Ring
33:51 Murder Holes
41:09 Stone Shaft Mining
48:17 Ballistics
Connection lost

Rejoining the realm…

Still unreachable

The connection could not be restored.

Session expired

The server has moved on; the page needs a fresh start.